Rangers vs Canucks

Created - 11 janvier 2018 at 21:24

Goals
1 2 3 T
Rangers 0 1 0 1
Canucks 1 1 0 2
Shots
1 2 3 T
Rangers 14 6 5 25
Canucks 5 19 5 29

1st period

1. Canucks , Cody Ceci 2 (Adam Henrique 16, Chris Kreider 12) at 13:48 (PP)

Penalties :
Nick Schultz (NYR) for Cross-checking (Minor) at 13:08

2nd period

2. Canucks , Jonathan Marchessault 15 (Chris Kreider 13, Cody Ceci 4) at 0:20
3. Rangers , Jamie McGinn 1 (Alex Goligoski 14, Nick Bonino 7) at 0:41

Penalties :
Cedric Paquette (NYR) for Tripping (Minor) at 1:41, Alexei Emelin (NYR) for Hooking (Minor) at 7:42

3rd period

No Goal

Penalties :
Chris Kreider (VAN) for Hooking (Minor) at 9:00, Anthony Mantha (NYR) for Holding (Minor) at 9:00, Alexei Emelin (NYR) for Slashing (Minor) at 13:51

Goalie Stats

Brian Elliott (NYR), 27 saves from 29 shots - (0.931), L, 14-14-2, 58:47 minutes
Devan Dubnyk (VAN), 24 saves from 25 shots - (0.960), W, 18-13-7, 60:00 minutes

Players Stats for Rangers

Player Name              G  A  P  +/- PIM S  H  SB GA TA FO     MP     PP MP  PK MP  
------------------------------------------------------------------------------------
Alex Goligoski           0  1  1   0  0   0  0  1  0  0  0/0    21:46   0:00   4:06 
Alexei Emelin            0  0  0   0  4   0  4  0  0  0  0/0    16:08   0:00   1:10 
Anthony Mantha           0  0  0  -1  2   1  4  0  0  0  2/2    16:52   0:00   0:00 
Benoit Pouliot           0  0  0   0  0   0  2  1  0  0  0/0     8:14   0:00   0:47 
Brandon Pirri            0  0  0   0  0   0  0  0  0  0  4/9     7:30   0:00   0:03 
Cedric Paquette          0  0  0   1  2   1  0  0  0  0  0/0    13:11   0:00   2:13 
Connor McDavid           0  0  0  -1  0   6  0  0  0  0  11/25  18:07   0:00   0:00 
Conor Sheary             0  0  0  -1  0   4  2  0  0  0  2/3    18:07   0:00   0:00 
Craig Smith              0  0  0   0  0   1  2  0  0  0  0/0     7:27   0:00   0:00 
James Neal               0  0  0   0  0   2  0  0  0  0  0/0    16:13   0:00   0:00 
Jamie McGinn             1  0  1   1  0   3  0  0  0  0  0/1    10:59   0:00   0:00 
Matt Niskanen            0  0  0   0  0   1  0  5  0  0  0/0    24:24   0:00   3:41 
Michael Del Zotto        0  0  0   0  0   0  2  0  0  0  0/0    18:27   0:00   0:03 
Nick Bonino              0  1  1   1  0   2  0  0  0  0  9/11   13:59   0:00   3:00 
Nick Schultz             0  0  0   0  2   0  0  0  0  0  0/0    15:20   0:00   0:21 
Oliver Ekman-Larsson     0  0  0   0  0   2  3  2  0  0  0/0    23:52   0:00   3:53 
Ondrej Palat             0  0  0   0  0   0  1  0  0  0  0/1    20:27   0:00   3:37 
Phillip Danault          0  0  0   0  0   2  0  0  0  0  11/33  20:16   0:00   3:34 

Players Stats for Canucks

Player Name              G  A  P  +/- PIM S  H  SB GA TA FO     MP     PP MP  PK MP  
------------------------------------------------------------------------------------
Adam Henrique            0  1  1   1  0   5  0  0  0  0  18/27  19:44   3:36   0:00 
Alex Petrovic            0  0  0   0  0   0  2  0  0  0  0/0    14:42   0:00   0:00 
Alex Pietrangelo         0  0  0  -1  0   2  1  3  0  0  0/0    24:07   3:46   0:00 
Brayden Point            0  0  0   0  0   0  0  1  0  0  7/15   11:51   0:00   0:00 
Chris Kreider            0  2  2   1  2   8  1  0  0  0  1/2    18:39   3:36   0:00 
Cody Ceci                1  1  2   1  0   2  2  1  0  0  0/0    21:02   2:51   0:00 
Erik Karlsson            0  0  0  -1  0   3  3  0  0  0  0/0    24:16   3:46   0:00 
Evander Kane             0  0  0   0  0   0  2  0  0  0  0/1    12:56   0:00   0:00 
Evgeny Kuznetsov         0  0  0  -1  0   1  0  0  0  0  14/29  20:36   3:01   0:00 
Jonathan Marchessault    1  0  1   1  0   2  0  0  0  0  1/1    18:40   3:36   0:00 
Logan Shaw               0  0  0   0  0   0  0  1  0  0  0/0     7:49   0:00   0:00 
Marcus Kruger            0  0  0   0  0   0  0  0  0  0  3/8     7:49   0:00   0:00 
Matt Duchene             0  0  0  -1  0   0  0  0  0  0  1/1    20:36   3:01   0:00 
Mattias Ekholm           0  0  0   1  0   0  1  0  0  0  0/0    21:02   2:51   0:00 
Nathan Beaulieu          0  0  0   0  0   0  1  0  0  0  0/0    14:51   0:00   0:00 
Patrick Marleau          0  0  0  -1  0   5  3  0  0  0  1/1    20:36   3:01   0:00 
Robby Fabbri             0  0  0   0  0   0  0  0  0  0  0/0     7:48   0:00   0:00 
Ryan Strome              0  0  0   0  0   1  1  0  0  0  0/0    10:56   0:00   0:00 

3 Stars

1 - Cody Ceci (VAN)
2 - Devan Dubnyk (VAN)
3 - Jonathan Marchessault (VAN)

Power Play

Rangers - 0 on 0 Attempt(s) - 0.00%
Canucks - 1 on 4 Attempt(s) - 25.00%

Penalty Kill

Rangers - 3 on 4 Attempt(s) - 75.00% - Score 0 goal in Penalty Kill
Canucks - 0 on 0 Attempt(s) - 0.00% - Score 0 goal in Penalty Kill

Team Stat

Rangers - Hits : 20 - Faceoff Wins : 39 - Blocked Shots : 9 - Penalty Minutes : 10
Canucks - Hits : 17 - Faceoff Wins : 46 - Blocked Shots : 6 - Penalty Minutes : 2

Official

Referees : Kyle Rehman and Dan O'Halloran
Linesman : Mark Wheler and Brandon Gawryletz

Game Notes

No Game Note

Finance

Level 1 -- Attendance: 5800 (89.23%) -- Ticket Income 522 000 $
Level 2 -- Attendance: 4632 (92.64%) -- Ticket Income 324 240 $
Level 3 -- Attendance: 3366 (96.17%) -- Ticket Income 158 202 $
Level 4 -- Attendance: 2646 (90.93%) -- Ticket Income 66 150 $
Luxury Box -- Attendance: 691 (69.10%) -- Ticket Income 172 750 $
Game was played at the Rogers Arena.
Total Attendance: 17135 (90.61%)
Total Ticket Income: 1 243 342 $
Other Income: 186 501 $
Total Income: 1 429 843 $

% Time on Ice - Rangers

Lines # - Real PCT - Wanted PCT - Time Play
Normal Forward
1 - 33% - 38% - 16:53
2 - 31% - 32% - 15:49
3 - 21% - 20% - 10:59
4 - 15% - 10% - 7:27
Normal Defense
1 - 37% - 39% - 18:42
2 - 33% - 36% - 16:42
3 - 29% - 25% - 15:00
4 - 1% - 0% - 0:44
PP Forward
1 - 0% - 65%
2 - 0% - 35%
PP Defense
1 - 0% - 65%
2 - 0% - 35%
PK Forward
1 - 55% - 55% - 3:37
2 - 45% - 45% - 3:00
PK Defense
1 - 33% - 60% - 2:10
2 - 67% - 40% - 4:27
PK3 Forward
1 - 0% - 55%
2 - 0% - 45%
PK3 Defense
1 - 0% - 65%
2 - 0% - 35%
44 Forward
1 - 49% - 51% - 0:58
2 - 51% - 49% - 1:01
44 Defense
1 - 51% - 55% - 1:01
2 - 49% - 45% - 0:58
Last Minute Offensive  - 0:16
Last Minute Defensive  - 0:00
Total
Forward - 60:00
Defense - 60:00

% Time on Ice - Canucks

Lines # - Real PCT - Wanted PCT - Time Play
Normal Forward
1 - 35% - 37% - 17:35
2 - 30% - 32% - 15:04
3 - 22% - 20% - 10:56
4 - 14% - 11% - 6:53
Normal Defense
1 - 38% - 40% - 19:21
2 - 36% - 35% - 18:11
3 - 25% - 25% - 12:51
4 - 0% - 0% - 0:05
PP Forward
1 - 46% - 60% - 3:01
2 - 54% - 40% - 3:36
PP Defense
1 - 57% - 60% - 3:46
2 - 43% - 40% - 2:51
PK Forward
1 - 0% - 60%
2 - 0% - 40%
PK Defense
1 - 0% - 60%
2 - 0% - 40%
PK3 Forward
1 - 0% - 60%
2 - 0% - 40%
PK3 Defense
1 - 0% - 60%
2 - 0% - 40%
44 Forward
1 - 46% - 60% - 0:55
2 - 54% - 40% - 1:04
44 Defense
1 - 54% - 60% - 1:04
2 - 46% - 40% - 0:55
Last Minute Offensive  - 0:00
Last Minute Defensive  - 0:56
Total
Forward - 60:00
Defense - 60:00

Play by Play

1st period


0:01 of 1st period - Connor McDavid wins face-off versus Evgeny Kuznetsov in neutral zone.
0:49 of 1st period - Oliver Ekman-Larsson is hit by Patrick Marleau and loses puck.
0:56 of 1st period - Alex Pietrangelo is hit by Conor Sheary and loses puck.
1:25 of 1st period - Shot by Phillip Danault.
1:25 of 1st period - Stopped by Devan Dubnyk with a rebound.
1:58 of 1st period - Icing by Alex Goligoski.
1:59 of 1st period - Brayden Point wins face-off versus Phillip Danault in Rangers zone.
2:11 of 1st period - Off-side.
2:12 of 1st period - Nick Bonino wins face-off versus Marcus Kruger in neutral zone.
2:53 of 1st period - Off-side.
2:54 of 1st period - Brandon Pirri wins face-off versus Brayden Point in neutral zone.
3:23 of 1st period - Mattias Ekholm is hit by Benoit Pouliot and loses puck.
3:50 of 1st period - Shot by Chris Kreider.
3:50 of 1st period - Stopped by Brian Elliott without a rebound.
3:51 of 1st period - Adam Henrique wins face-off versus Phillip Danault in Rangers zone.
3:51 of 1st period - Adam Henrique is hit by Alexei Emelin.
3:56 of 1st period - Jonathan Marchessault is hit by Alexei Emelin and loses puck.
4:21 of 1st period - Shot by Adam Henrique.
4:21 of 1st period - Stopped by Brian Elliott without a rebound.
4:22 of 1st period - Connor McDavid wins face-off versus Evgeny Kuznetsov in Rangers zone.
6:23 of 1st period - Phillip Danault is hit by Chris Kreider and loses puck.
7:18 of 1st period - Shot by Ryan Strome.
7:18 of 1st period - Shot Misses the Net.
8:03 of 1st period - Connor McDavid is hit by Patrick Marleau and loses puck.
8:08 of 1st period - Shot by Patrick Marleau.
8:08 of 1st period - Stopped by Brian Elliott without a rebound.
8:09 of 1st period - Connor McDavid wins face-off versus Marcus Kruger in Rangers zone.
8:18 of 1st period - Shot by Anthony Mantha.
8:18 of 1st period - Shot Blocked by Cody Ceci.
8:40 of 1st period - Mattias Ekholm is hit by Conor Sheary and loses puck.
9:08 of 1st period - Shot by Cedric Paquette.
9:08 of 1st period - Stopped by Devan Dubnyk with a rebound.
9:10 of 1st period - Shot by Jamie McGinn.
9:10 of 1st period - Stopped by Devan Dubnyk without a rebound.
9:11 of 1st period - Adam Henrique wins face-off versus Phillip Danault in Canucks zone.
9:42 of 1st period - Shot by Adam Henrique.
9:42 of 1st period - Shot Misses the Net.
10:07 of 1st period - Icing by Phillip Danault.
10:08 of 1st period - Evgeny Kuznetsov wins face-off versus Phillip Danault in Rangers zone.
10:20 of 1st period - Icing by Michael Del Zotto.
10:21 of 1st period - Brayden Point wins face-off versus Phillip Danault in Rangers zone.
10:50 of 1st period - Shot by Brayden Point.
10:50 of 1st period - Shot Misses the Net.
11:15 of 1st period - Shot by Connor McDavid.
11:15 of 1st period - Stopped by Devan Dubnyk without a rebound.
11:16 of 1st period - Evgeny Kuznetsov wins face-off versus Jamie McGinn in Canucks zone.
12:28 of 1st period - Shot by Craig Smith.
12:28 of 1st period - Stopped by Devan Dubnyk without a rebound.
12:29 of 1st period - Connor McDavid wins face-off versus Adam Henrique in Canucks zone.
12:44 of 1st period - Shot by Connor McDavid.
12:44 of 1st period - Stopped by Devan Dubnyk without a rebound.
12:45 of 1st period - Phillip Danault wins face-off versus Brayden Point in Canucks zone.
12:45 of 1st period - Ondrej Palat is hit by Cody Ceci and loses puck.
13:01 of 1st period - Icing by Ondrej Palat.
13:02 of 1st period - Adam Henrique wins face-off versus Phillip Danault in Rangers zone.
13:04 of 1st period - Jonathan Marchessault is hit by Alexei Emelin and loses puck.
13:08 of 1st period - Minor Penalty to Nick Schultz for Cross-checking.
13:09 of 1st period - Phillip Danault wins face-off versus Adam Henrique in Rangers zone.
13:39 of 1st period - Shot by Chris Kreider.
13:39 of 1st period - Shot Misses the Net.
13:41 of 1st period - Shot by Cody Ceci.
13:41 of 1st period - Shot Misses the Net.
13:43 of 1st period - Shot by Cody Ceci.
13:43 of 1st period - Shot Blocked by Oliver Ekman-Larsson.
13:48 of 1st period - Shot by Cody Ceci.
13:48 of 1st period - Goal by Cody Ceci - Rangers : 0 - Canucks : 1.
13:49 of 1st period - Conor Sheary wins face-off versus Evgeny Kuznetsov in neutral zone.
13:52 of 1st period - Shot by Connor McDavid.
13:52 of 1st period - Stopped by Devan Dubnyk without a rebound.
13:53 of 1st period - Connor McDavid wins face-off versus Evgeny Kuznetsov in Canucks zone.
13:54 of 1st period - Shot by Oliver Ekman-Larsson.
13:54 of 1st period - Stopped by Devan Dubnyk without a rebound.
13:55 of 1st period - Evgeny Kuznetsov wins face-off versus Connor McDavid in Canucks zone.
13:55 of 1st period - Evgeny Kuznetsov is hit by Anthony Mantha.
14:24 of 1st period - Shot by Connor McDavid.
14:24 of 1st period - Shot Misses the Net.
15:10 of 1st period - Shot by Adam Henrique.
15:10 of 1st period - Stopped by Brian Elliott without a rebound.
15:11 of 1st period - Brayden Point wins face-off versus Nick Bonino in Rangers zone.
16:23 of 1st period - Robby Fabbri is hit by Alexei Emelin and loses puck.
16:51 of 1st period - Icing by Nathan Beaulieu.
16:52 of 1st period - Connor McDavid wins face-off versus Adam Henrique in Canucks zone.
17:06 of 1st period - Icing by Alex Petrovic.
17:07 of 1st period - Adam Henrique wins face-off versus Phillip Danault in Canucks zone.
17:31 of 1st period - Shot by Phillip Danault.
17:31 of 1st period - Shot Misses the Net.
17:35 of 1st period - Shot by Ondrej Palat.
17:35 of 1st period - Deflect By James Neal.
17:35 of 1st period - Stopped by Devan Dubnyk with a rebound.
17:37 of 1st period - Shot by Oliver Ekman-Larsson.
17:37 of 1st period - Stopped by Devan Dubnyk without a rebound.
17:38 of 1st period - Connor McDavid wins face-off versus Evgeny Kuznetsov in Canucks zone.
18:03 of 1st period - Shot by Conor Sheary.
18:03 of 1st period - Stopped by Devan Dubnyk without a rebound.
18:04 of 1st period - Brayden Point wins face-off versus Brandon Pirri in Canucks zone.
18:56 of 1st period - Icing by Benoit Pouliot.
18:57 of 1st period - Brandon Pirri wins face-off versus Evgeny Kuznetsov in Rangers zone.
19:36 of 1st period - Shot by Connor McDavid.
19:36 of 1st period - Stopped by Devan Dubnyk with a rebound.
19:38 of 1st period - Shot by Alex Goligoski.
19:38 of 1st period - Deflect By Conor Sheary.
19:38 of 1st period - Stopped by Devan Dubnyk without a rebound.
19:39 of 1st period - Phillip Danault wins face-off versus Chris Kreider in Canucks zone.
19:59 of 1st period - Shot by James Neal.
19:59 of 1st period - Stopped by Devan Dubnyk without a rebound.
Goals for this period are 0 for Rangers vs 1 for Canucks.
Shots for this period are 14 for Rangers vs 5 for Canucks.

2nd period


0:01 of 2nd period - Adam Henrique wins face-off versus Connor McDavid in neutral zone.
0:20 of 2nd period - Shot by Jonathan Marchessault.
0:20 of 2nd period - Goal by Jonathan Marchessault - Rangers : 0 - Canucks : 2.
0:21 of 2nd period - Phillip Danault wins face-off versus Evgeny Kuznetsov in neutral zone.
0:33 of 2nd period - Icing by Erik Karlsson.
0:34 of 2nd period - Nick Bonino wins face-off versus Evgeny Kuznetsov in Canucks zone.
0:41 of 2nd period - Shot by Jamie McGinn.
0:41 of 2nd period - Goal by Jamie McGinn - Rangers : 1 - Canucks : 2.
0:42 of 2nd period - Adam Henrique wins face-off versus Connor McDavid in neutral zone.
0:51 of 2nd period - Shot by Adam Henrique.
0:51 of 2nd period - Stopped by Brian Elliott without a rebound.
0:52 of 2nd period - Evgeny Kuznetsov wins face-off versus Phillip Danault in Rangers zone.
1:22 of 2nd period - Shot by Phillip Danault.
1:22 of 2nd period - Stopped by Devan Dubnyk without a rebound.
1:23 of 2nd period - Anthony Mantha wins face-off versus Adam Henrique in Canucks zone.
1:30 of 2nd period - Mattias Ekholm is hit by Anthony Mantha and loses puck.
1:36 of 2nd period - Off-side.
1:37 of 2nd period - Nick Bonino wins face-off versus Brayden Point in neutral zone.
1:41 of 2nd period - Minor Penalty to Cedric Paquette for Tripping.
1:42 of 2nd period - Phillip Danault wins face-off versus Evgeny Kuznetsov in Rangers zone.
1:51 of 2nd period - Shot by Alex Pietrangelo.
1:51 of 2nd period - Shot Misses the Net.
1:53 of 2nd period - Shot by Alex Pietrangelo.
1:53 of 2nd period - Deflect By Patrick Marleau.
1:53 of 2nd period - Stopped by Brian Elliott without a rebound.
1:54 of 2nd period - Adam Henrique wins face-off versus Phillip Danault in Rangers zone.
2:13 of 2nd period - Shot by Erik Karlsson.
2:13 of 2nd period - Shot Misses the Net.
2:15 of 2nd period - Shot by Alex Pietrangelo.
2:15 of 2nd period - Stopped by Brian Elliott with a rebound.
2:17 of 2nd period - Shot by Alex Pietrangelo.
2:17 of 2nd period - Stopped by Brian Elliott with a rebound.
2:19 of 2nd period - Shot by Alex Pietrangelo.
2:19 of 2nd period - Shot Blocked by Benoit Pouliot.
2:21 of 2nd period - Shot by Erik Karlsson.
2:21 of 2nd period - Stopped by Brian Elliott without a rebound.
2:22 of 2nd period - Phillip Danault wins face-off versus Evgeny Kuznetsov in Rangers zone.
2:58 of 2nd period - Patrick Marleau is hit by Oliver Ekman-Larsson and loses puck.
3:01 of 2nd period - Shot by Patrick Marleau.
3:01 of 2nd period - Stopped by Brian Elliott without a rebound.
3:02 of 2nd period - Adam Henrique wins face-off versus Nick Bonino in Rangers zone.
3:07 of 2nd period - Shot by Erik Karlsson.
3:07 of 2nd period - Stopped by Brian Elliott with a rebound.
3:33 of 2nd period - Shot by Alex Pietrangelo.
3:33 of 2nd period - Shot Hit the Post.
3:35 of 2nd period - Shot by Alex Pietrangelo.
3:35 of 2nd period - Shot Misses the Net.
3:37 of 2nd period - Shot by Erik Karlsson.
3:37 of 2nd period - Shot Misses the Net.
3:39 of 2nd period - Shot by Alex Pietrangelo.
3:39 of 2nd period - Shot Misses the Net.
3:41 of 2nd period - Shot by Chris Kreider.
3:41 of 2nd period - Stopped by Brian Elliott without a rebound.
3:42 of 2nd period - Conor Sheary wins face-off versus Brayden Point in Rangers zone.
3:46 of 2nd period - Off-side.
3:47 of 2nd period - Evgeny Kuznetsov wins face-off versus Connor McDavid in neutral zone.
4:16 of 2nd period - Shot by Matt Duchene.
4:16 of 2nd period - Shot Misses the Net.
4:18 of 2nd period - Shot by Patrick Marleau.
4:18 of 2nd period - Stopped by Brian Elliott without a rebound.
4:19 of 2nd period - Chris Kreider wins face-off versus Phillip Danault in Rangers zone.
4:45 of 2nd period - Shot by Chris Kreider.
4:45 of 2nd period - Stopped by Brian Elliott without a rebound.
4:46 of 2nd period - Nick Bonino wins face-off versus Brayden Point in Rangers zone.
5:18 of 2nd period - Icing by Nathan Beaulieu.
5:19 of 2nd period - Brayden Point wins face-off versus Connor McDavid in Canucks zone.
5:55 of 2nd period - Shot by Conor Sheary.
5:55 of 2nd period - Stopped by Devan Dubnyk without a rebound.
5:56 of 2nd period - Phillip Danault wins face-off versus Adam Henrique in Canucks zone.
6:05 of 2nd period - Shot by Ondrej Palat.
6:05 of 2nd period - Shot Misses the Net.
6:39 of 2nd period - Icing by Ondrej Palat.
6:40 of 2nd period - Evgeny Kuznetsov wins face-off versus Ondrej Palat in Rangers zone.
6:53 of 2nd period - Icing by Cody Ceci.
6:54 of 2nd period - Evgeny Kuznetsov wins face-off versus Conor Sheary in Canucks zone.
6:54 of 2nd period - Evgeny Kuznetsov is hit by Anthony Mantha.
7:11 of 2nd period - Evgeny Kuznetsov is hit by Michael Del Zotto and loses puck.
7:23 of 2nd period - Off-side.
7:24 of 2nd period - Nick Bonino wins face-off versus Marcus Kruger in neutral zone.
7:42 of 2nd period - Minor Penalty to Alexei Emelin for Hooking.
7:43 of 2nd period - Jonathan Marchessault wins face-off versus Phillip Danault in Rangers zone.
7:46 of 2nd period - Shot by Adam Henrique.
7:46 of 2nd period - Stopped by Brian Elliott without a rebound.
7:47 of 2nd period - Evgeny Kuznetsov wins face-off versus Phillip Danault in Rangers zone.
7:47 of 2nd period - Evgeny Kuznetsov is hit by Oliver Ekman-Larsson.
8:21 of 2nd period - Shot by Erik Karlsson.
8:21 of 2nd period - Stopped by Brian Elliott with a rebound.
8:23 of 2nd period - Shot by Erik Karlsson.
8:23 of 2nd period - Shot Misses the Net.
8:25 of 2nd period - Shot by Patrick Marleau.
8:25 of 2nd period - Shot Misses the Net.
8:27 of 2nd period - Shot by Alex Pietrangelo.
8:27 of 2nd period - Shot Misses the Net.
8:29 of 2nd period - Shot by Matt Duchene.
8:29 of 2nd period - Shot Misses the Net.
8:45 of 2nd period - Shot by Chris Kreider.
8:45 of 2nd period - Stopped by Brian Elliott with a rebound.
8:49 of 2nd period - Shot by Jonathan Marchessault.
8:49 of 2nd period - Stopped by Brian Elliott without a rebound.
8:50 of 2nd period - Adam Henrique wins face-off versus Phillip Danault in Rangers zone.
9:46 of 2nd period - Icing by Nathan Beaulieu.
9:47 of 2nd period - Marcus Kruger wins face-off versus Connor McDavid in Canucks zone.
10:56 of 2nd period - Shot by Brandon Pirri.
10:56 of 2nd period - Shot Blocked by Alex Pietrangelo.
10:58 of 2nd period - Shot by Matt Niskanen.
10:58 of 2nd period - Shot Blocked by Alex Pietrangelo.
12:30 of 2nd period - Shot by Anthony Mantha.
12:30 of 2nd period - Stopped by Devan Dubnyk without a rebound.
12:31 of 2nd period - Brandon Pirri wins face-off versus Brayden Point in Canucks zone.
12:31 of 2nd period - Craig Smith is hit by Alex Petrovic and loses puck.
12:45 of 2nd period - Icing by Nick Schultz.
12:46 of 2nd period - Brandon Pirri wins face-off versus Marcus Kruger in Rangers zone.
13:05 of 2nd period - Shot by Benoit Pouliot.
13:05 of 2nd period - Shot Blocked by Logan Shaw.
13:50 of 2nd period - Off-side.
13:51 of 2nd period - Adam Henrique wins face-off versus Phillip Danault in neutral zone.
14:28 of 2nd period - Shot by Chris Kreider.
14:28 of 2nd period - Stopped by Brian Elliott without a rebound.
14:29 of 2nd period - Evgeny Kuznetsov wins face-off versus Connor McDavid in Rangers zone.
14:43 of 2nd period - Icing by Conor Sheary.
14:44 of 2nd period - Anthony Mantha wins face-off versus Brayden Point in Rangers zone.
15:10 of 2nd period - Icing by Alex Goligoski.
15:11 of 2nd period - Evgeny Kuznetsov wins face-off versus Connor McDavid in Rangers zone.
15:19 of 2nd period - Off-side.
15:20 of 2nd period - Adam Henrique wins face-off versus Phillip Danault in neutral zone.
15:23 of 2nd period - Shot by Jonathan Marchessault.
15:23 of 2nd period - Deflect By Chris Kreider.
15:23 of 2nd period - Stopped by Brian Elliott without a rebound.
15:24 of 2nd period - Evgeny Kuznetsov wins face-off versus Phillip Danault in Rangers zone.
16:21 of 2nd period - Shot by Chris Kreider.
16:21 of 2nd period - Shot Misses the Net.
17:43 of 2nd period - Nick Schultz is hit by Ryan Strome and loses puck.
18:16 of 2nd period - Shot by Evgeny Kuznetsov.
18:16 of 2nd period - Stopped by Brian Elliott without a rebound.
18:17 of 2nd period - Marcus Kruger wins face-off versus Brandon Pirri in Rangers zone.
19:02 of 2nd period - Icing by Erik Karlsson.
19:03 of 2nd period - Connor McDavid wins face-off versus Marcus Kruger in Canucks zone.
19:04 of 2nd period - Shot by Conor Sheary.
19:04 of 2nd period - Stopped by Devan Dubnyk without a rebound.
19:05 of 2nd period - Connor McDavid wins face-off versus Evgeny Kuznetsov in Canucks zone.
19:05 of 2nd period - Conor Sheary is hit by Cody Ceci and loses puck.
19:16 of 2nd period - Shot by Connor McDavid.
19:16 of 2nd period - Stopped by Devan Dubnyk without a rebound.
19:17 of 2nd period - Adam Henrique wins face-off versus Phillip Danault in Canucks zone.
19:52 of 2nd period - Shot by Jonathan Marchessault.
19:52 of 2nd period - Deflect By Chris Kreider.
19:52 of 2nd period - Stopped by Brian Elliott without a rebound.
19:53 of 2nd period - Connor McDavid wins face-off versus Evgeny Kuznetsov in Rangers zone.
19:53 of 2nd period - Connor McDavid is hit by Patrick Marleau.
Goals for this period are 1 for Rangers vs 1 for Canucks.
Shots for this period are 6 for Rangers vs 19 for Canucks.

3rd period


0:01 of 3rd period - Matt Duchene wins face-off versus Connor McDavid in neutral zone.
0:33 of 3rd period - Shot by Connor McDavid.
0:33 of 3rd period - Stopped by Devan Dubnyk without a rebound.
0:34 of 3rd period - Phillip Danault wins face-off versus Adam Henrique in Canucks zone.
0:51 of 3rd period - Shot by James Neal.
0:51 of 3rd period - Shot Misses the Net.
1:01 of 3rd period - Shot by Chris Kreider.
1:01 of 3rd period - Stopped by Brian Elliott without a rebound.
1:02 of 3rd period - Nick Bonino wins face-off versus Brayden Point in Rangers zone.
1:02 of 3rd period - Nick Bonino is hit by Evander Kane.
1:16 of 3rd period - Nick Schultz is hit by Evander Kane and loses puck.
1:24 of 3rd period - Icing by Nick Bonino.
1:25 of 3rd period - Nick Bonino wins face-off versus Evgeny Kuznetsov in Rangers zone.
1:40 of 3rd period - Shot by Jamie McGinn.
1:40 of 3rd period - Shot Misses the Net.
1:57 of 3rd period - Icing by Cody Ceci.
1:58 of 3rd period - Evgeny Kuznetsov wins face-off versus Connor McDavid in Canucks zone.
2:00 of 3rd period - Icing by Matt Duchene.
2:01 of 3rd period - Evgeny Kuznetsov wins face-off versus Connor McDavid in Canucks zone.
2:12 of 3rd period - Shot by Matt Duchene.
2:12 of 3rd period - Shot Blocked by Matt Niskanen.
2:14 of 3rd period - Shot by Cody Ceci.
2:14 of 3rd period - Stopped by Brian Elliott without a rebound.
2:15 of 3rd period - Adam Henrique wins face-off versus Phillip Danault in Rangers zone.
2:29 of 3rd period - Icing by Phillip Danault.
2:30 of 3rd period - Brayden Point wins face-off versus Phillip Danault in Rangers zone.
2:31 of 3rd period - Shot by Evander Kane.
2:31 of 3rd period - Shot Misses the Net.
2:44 of 3rd period - Evander Kane is hit by Michael Del Zotto and loses puck.
3:47 of 3rd period - Shot by Jonathan Marchessault.
3:47 of 3rd period - Shot Blocked by Matt Niskanen.
3:49 of 3rd period - Shot by Erik Karlsson.
3:49 of 3rd period - Shot Blocked by Oliver Ekman-Larsson.
3:51 of 3rd period - Shot by Adam Henrique.
3:51 of 3rd period - Deflect By Chris Kreider.
3:51 of 3rd period - Shot Misses the Net.
4:11 of 3rd period - Evgeny Kuznetsov is hit by Anthony Mantha and loses puck.
4:44 of 3rd period - Shot by Jamie McGinn.
4:44 of 3rd period - Stopped by Devan Dubnyk without a rebound.
4:45 of 3rd period - Marcus Kruger wins face-off versus Brandon Pirri in Canucks zone.
5:16 of 3rd period - Shot by Robby Fabbri.
5:16 of 3rd period - Shot Blocked by Alex Goligoski.
5:26 of 3rd period - Logan Shaw is hit by Craig Smith and loses puck.
6:19 of 3rd period - Ondrej Palat is hit by Alex Petrovic and loses puck.
6:58 of 3rd period - Shot by Conor Sheary.
6:58 of 3rd period - Shot Misses the Net.
7:29 of 3rd period - Shot by Nick Bonino.
7:29 of 3rd period - Stopped by Devan Dubnyk with a rebound.
7:39 of 3rd period - Shot by Nick Bonino.
7:39 of 3rd period - Shot Misses the Net.
7:58 of 3rd period - Evgeny Kuznetsov is hit by Oliver Ekman-Larsson and loses puck.
8:59 of 3rd period - Off-side.
9:00 of 3rd period - Connor McDavid wins face-off versus Adam Henrique in neutral zone.
9:00 of 3rd period - Minor Penalty to Chris Kreider for Hooking.
9:00 of 3rd period - Minor Penalty to Anthony Mantha for Holding.
9:01 of 3rd period - Adam Henrique wins face-off versus Connor McDavid in neutral zone.
9:15 of 3rd period - Conor Sheary is hit by Erik Karlsson.
9:48 of 3rd period - Icing by Erik Karlsson.
9:49 of 3rd period - Phillip Danault wins face-off versus Evander Kane in Canucks zone.
9:49 of 3rd period - Matt Niskanen is hit by Nathan Beaulieu and loses puck.
10:12 of 3rd period - Shot by Robby Fabbri.
10:12 of 3rd period - Shot Blocked by Matt Niskanen.
11:09 of 3rd period - Icing by Mattias Ekholm.
11:10 of 3rd period - Adam Henrique wins face-off versus Brandon Pirri in Canucks zone.
11:10 of 3rd period - Adam Henrique is hit by Benoit Pouliot.
11:47 of 3rd period - Erik Karlsson is hit by Craig Smith and loses puck.
12:52 of 3rd period - Shot by Conor Sheary.
12:52 of 3rd period - Shot Blocked by Brayden Point.
13:51 of 3rd period - Minor Penalty to Alexei Emelin for Slashing.
13:52 of 3rd period - Nick Bonino wins face-off versus Adam Henrique in Rangers zone.
14:19 of 3rd period - Shot by Nick Bonino.
14:19 of 3rd period - Shot Blocked by Alex Pietrangelo.
14:59 of 3rd period - Icing by Mattias Ekholm.
15:00 of 3rd period - Nick Bonino wins face-off versus Evgeny Kuznetsov in Canucks zone.
15:13 of 3rd period - Shot by Patrick Marleau.
15:13 of 3rd period - Stopped by Brian Elliott without a rebound.
15:14 of 3rd period - Evgeny Kuznetsov wins face-off versus Phillip Danault in Rangers zone.
15:25 of 3rd period - Icing by Evgeny Kuznetsov.
15:26 of 3rd period - Phillip Danault wins face-off versus Evgeny Kuznetsov in Canucks zone.
16:03 of 3rd period - Icing by Alexei Emelin.
16:04 of 3rd period - Brayden Point wins face-off versus Connor McDavid in Rangers zone.
16:27 of 3rd period - Shot by Ryan Strome.
16:27 of 3rd period - Stopped by Brian Elliott without a rebound.
16:28 of 3rd period - Adam Henrique wins face-off versus Brandon Pirri in Rangers zone.
16:31 of 3rd period - Shot by Adam Henrique.
16:31 of 3rd period - Shot Blocked by Matt Niskanen.
16:33 of 3rd period - Shot by Adam Henrique.
16:33 of 3rd period - Stopped by Brian Elliott without a rebound.
16:34 of 3rd period - Phillip Danault wins face-off versus Adam Henrique in Rangers zone.
16:36 of 3rd period - Icing by Oliver Ekman-Larsson.
16:37 of 3rd period - Adam Henrique wins face-off versus Phillip Danault in Rangers zone.
17:02 of 3rd period - Ondrej Palat is hit by Erik Karlsson and loses puck.
17:09 of 3rd period - Shot by Matt Niskanen.
17:09 of 3rd period - Stopped by Devan Dubnyk without a rebound.
17:10 of 3rd period - Patrick Marleau wins face-off versus Connor McDavid in Canucks zone.
17:16 of 3rd period - Conor Sheary is hit by Mattias Ekholm.
18:07 of 3rd period - Shot by Nick Bonino.
18:07 of 3rd period - Stopped by Devan Dubnyk without a rebound.
18:08 of 3rd period - Adam Henrique wins face-off versus Phillip Danault in Canucks zone.
18:08 of 3rd period - Adam Henrique is hit by Ondrej Palat.
18:26 of 3rd period - Oliver Ekman-Larsson is hit by Alex Pietrangelo and loses puck.
18:47 of 3rd period - Rangers, Brian Elliott is pulled from the net.
18:50 of 3rd period - Ondrej Palat is hit by Erik Karlsson and loses puck.
19:49 of 3rd period - Shot by Marcus Kruger.
19:49 of 3rd period - Shot Blocked by Matt Niskanen.
19:51 of 3rd period - Shot by Logan Shaw.
19:51 of 3rd period - Shot Misses the Net.
Goals for this period are 0 for Rangers vs 0 for Canucks.
Shots for this period are 5 for Rangers vs 5 for Canucks.